 Dungeon Crawl Stone Soup version 0.29.1-15-g9cfb28693d (webtiles) character file.

Game seed: 37997343960806672

195 Silvore the Chopper (level 5, -9/42 HPs)
             Began as a Demonspawn Monk on Apr 30, 2023.
             Mangled by a gnoll
             ... wielding a +0 halberd
              (12 damage)
             ... on level 3 of the Dungeon.
             The game lasted 00:05:41 (3467 turns).

Silvore the Chopper (Demonspawn Monk)               Turns: 3467, Time: 00:05:42

Health: -9/42      AC: 12    Str: 11    XL:     5   Next: 45%
Magic:  5/5        EV: 10    Int: 12    God:
Gold:   141        SH:  0    Dex: 17    Spells: 4/4 levels left

rFire   + . .      SeeInvis .   a - +0 hand axe
rCold   . . .      Faith    .   (no shield)
rNeg    . . .      Spirit   .   l - +0 scale mail
rPois   .          Reflect  .   (no helmet)
rElec   .          Harm     .   (no cloak)
rCorr   .          Rampage  .   (no gloves)
Will    .....                   (no boots)
Stlth   +.........              (no amulet)
HPRegen 0.14/turn               p - ring of protection from fire
MPRegen 0.09/turn               (no ring)

@: lethally poisoned (-9 -> -19), sanguine armoured
A: foul stench 1, sanguine armour 1, weakness stinger 1
a: no special abilities


You were on level 3 of the Dungeon.
You visited 1 branch of the dungeon, and saw 3 of its levels.

You collected 141 gold pieces.

Inventory:

Hand Weapons
 a - a +0 hand axe (weapon)
Armour
 b - a +1 robe
 i - a +0 leather armour
 l - a +0 scale mail (worn)
Jewellery
 p - a ring of protection from fire (left hand)
Scrolls
 f - 3 scrolls of teleportation
 k - 2 scrolls of vulnerability {unknown}
 n - a scroll of fog
 o - a scroll of brand weapon {unknown}
Potions
 c - 3 potions of ambrosia
 d - a potion of heal wounds
 e - a potion of flight {unknown}
 g - a potion of haste {unknown}
 h - a potion of degeneration {unknown}
 j - a potion of brilliance {unknown}
 m - 2 potions of attraction {unknown}


   Skills:
 + Level 3.7 Fighting
 + Level 4.1 Axes
 + Level 0.9 Armour
 + Level 3.6 Dodging
 + Level 2.5 Stealth


You had 4 spell levels left.
You didn't know any spells.
Your spell library contained the following spells:

 Spells                   Type           Power      Damage    Failure   Level
 Call Canine Familiar     Summ           0%         N/A       99%         3
 Portal Projectile        Hex/Tloc       0%         N/A       99%         3
 Leda's Liquefaction      Hex/Erth       0%         N/A       100%        4


Dungeon Overview and Level Annotations

Branches:
Dungeon (3/15)

Altars:
Wu Jian

Shops:
D:1 !


Innate Abilities, Weirdness & Mutations

You may rarely emit foul miasma when damaged in melee.
When seriously injured, your blood forms armour. (AC +6)
You have a small tail.


Message History

A bat comes into view.
A gnoll comes into view. It is wielding a +0 spear of venom.
A gnoll comes into view. It is wielding a +0 club.
The bat moves out of view.
There are monsters nearby!
A kobold comes into view. It is wielding a +0 dagger.
The kobold shouts!
The kobold moves out of view.
The gnoll hits you with a +0 spear of venom.
You are poisoned.
The gnoll completely misses you.
You slash the gnoll!
The gnoll is heavily wounded.
You closely miss the gnoll.
You feel very sick.
The gnoll hits you from afar with a +0 halberd.
The gnoll hits you with a +0 spear of venom.
Your blood congeals into armour.
You are more poisoned.
You emit a cloud of foul miasma!
The gnoll hits you but does no damage. x2
The gnoll hits you with a +0 club.
The gnoll is engulfed in dark miasma.
The gnoll is poisoned.
The gnoll seems to slow down.
You kill the gnoll!
You hit the gnoll but do no damage.
You feel very sick.
The gnoll hits you from afar with a +0 halberd.
The gnoll hits you with a +0 club.
* * * LOW HITPOINT WARNING * * *
You hit the gnoll. You tail-slap the gnoll.
The gnoll is severely wounded.
* * * LOW HITPOINT WARNING * * *
You feel very sick. The gnoll closely misses you. x2
Unknown command.
You slash the gnoll!
You kill the gnoll!
* * * LOW HITPOINT WARNING * * *
You feel very sick.
The gnoll hits you from afar with a +0 halberd!
You die...

#.########...###
......##.......##
#.....#...###...##
#######.)##.##...#
###....##...#####
#.######...##...#
##.........##g...
###........###)○# .
#.......####.!@##b..#
#.######........##
#..#....####..K##?..#
###.....†....###..#
#..#
....##.........##!...
##
######.######..(##...#
......##....##...#####
#######.†##[##...#
#...###...##


You could see a gnoll and a kobold.

Vanquished Creatures
  A black bear (D:3)
  Robin (D:2)
  2 gnolls (D:3)
  3 adders
  A worm (D:3)
  2 dart slugs (D:3)
  An orc (D:3)
  A bat (D:2)
  9 endoplasms
  A giant cockroach (D:3)
  10 goblins
  2 hobgoblins (D:2)
  2 jackals (D:2)
  A quokka (D:1)
  5 ball pythons
  4 frilled lizards
  3 kobolds
  2 rats
51 creatures vanquished.

Vanquished Creatures (others)
  2 withered plants (D:3)
2 creatures vanquished.

Grand Total: 53 creatures vanquished

Notes
Turn   | Place    | Note
-------+----------+-------------------------------------------
     0 | D:1      | Silvore the Demonspawn Monk began the quest for the Orb.
     0 | D:1      | Reached XP level 1. HP: 18/18 MP: 1/1
   497 | D:1      | Gained mutation: You may rarely emit foul miasma when
                  | damaged in melee. [demonic ancestry]
   497 | D:1      | Reached XP level 2. HP: 22/24 MP: 2/2
   698 | D:1      | Found Qiguguc's Distillery.
  1172 | D:2      | Reached skill level 3 in Axes
  1579 | D:2      | Gained mutation: You have a small tail. [demonic ancestry]
  1579 | D:2      | Reached XP level 3. HP: 3/29 MP: 3/3
  1973 | D:2      | Noticed Robin
  1981 | D:2      | Killed Robin
  2571 | D:3      | Reached XP level 4. HP: 21/35 MP: 4/4
  2962 | D:3      | Found an ornate altar of the Wu Jian Council.
  3103 | D:3      | Noticed a black bear
  3113 | D:3      | Killed a black bear
  3114 | D:3      | Reached skill level 4 in Axes
  3114 | D:3      | Gained mutation: When seriously injured, your blood forms
                  | armour. (AC +6) [demonic ancestry]
  3114 | D:3      | Reached XP level 5. HP: 16/42 MP: 5/5
  3467 | D:3      | Mangled by a gnoll

Illustrated notes

Levels and vault maps discovered:
D:1:      nicolae_arrival_somewhat_less_tricky_arrival, layout_rooms,
          serial_shops, shop_fountains
D:2:      layout_basic, minivault_4, uniq_robin
D:3:      layout_loops_ring, overflow_temple_1_default,
          ebering_ecumenical_altar_petrified, grunt_decor_one_mirror,
          st_stairs_5, minmay_puff

Skill      XL: |  1  2  3  4 |
---------------+-------------+-----
Dodging        | 3 |  3.6
Axes           | 3 4 |  4.1
Stealth        | 2 |  2.5
Fighting       | |  3.7
Armour         | |  0.9

Action                   |  1- 3 |  4- 6 || total
-------------------------+-------+-------++-------
Melee: Hand axe          |   110 |    43 ||   153
       Tailslap          |     8 |     8 ||    16
       Punch             |     1 |     3 ||     4
  Use: Scroll            |     5 |       ||     5
 Stab: Sleeping          |     4 |       ||     4
Armor: Robe              |    17 |       ||    17
       Scale mail        |       |    13 ||    13
       Leather armour    |       |     5 ||     5
Dodge: Dodged            |    66 |    19 ||    85
